 Dungeon Crawl Stone Soup version 0.21.1-1-g345015f (webtiles) character file.

4312 tidbits the Martial Artist (level 10, -1/114 HPs)
             Began as a Gnoll Transmuter on Mar 24, 2018.
             Was a Priest of Cheibriados.
             Slain by a gnoll sergeant
             ... wielding a +0 spear
              (4 damage)
             ... on level 9 of the Dungeon.
             The game lasted 00:23:24 (2578 turns).

tidbits the Martial Artist (Gnoll Transmuter)       Turns: 2578, Time: 00:23:25

Health: -1/114     AC: 25    Str: 18    XL:     10   Next: 33%
Magic:  11/20      EV:  2    Int: 26    God:    Cheibriados [***...]
Gold:   345        SH:  0    Dex: 24    Spells: 9/23 levels left

rFire    . . .     SeeInvis .   a - +1 rapier (elec)
rCold    . . .     Gourm    .   (no shield)
rNeg     + + +     Faith    .   (armour currently unavailable)
rPois    +         Spirit   .   (helmet currently unavailable)
rElec    .         Reflect  .   (cloak currently unavailable)
rCorr    .         Harm     .   (gloves currently unavailable)
MR       .....     Clarity  +   (boots currently unavailable) Stlth ++++......NoTele +
                                o - amulet of rage
HPRegen  0.29/turn              Y - +4 ring of slaying
MPRegen  0.17/turn              z - ring of poison resistance

@: tree-form, very slow
A: distributed training, thin skeletal structure 1, clarity, weak 1, strong nose
a: Bend Time, Temporal Distortion, Renounce Religion, Evoke Berserk Rage


You were on level 9 of the Dungeon.
You worshipped Cheibriados.
Cheibriados was most pleased with you.
You were hungry.
You were a tree.
You visited 2 branches of the dungeon, and saw 11 of its levels.

You collected 345 gold pieces.

Inventory:

Hand Weapons
 a - a +1 rapier of electrocution (weapon)
   (You took it off Eustachio on level 6 of the Dungeon)
 j - a +0 blowgun
 m - a +0 dagger
 q - a +3 short sword of distortion
   (You took it off an orc priest on level 6 of the Dungeon)
 v - a +0 dagger
 P - a +2 flail of venom
   (You took it off Edmund on level 6 of the Dungeon)
Missiles
 f - 105 stones
 g - a javelin
 w - 11 poisoned needles
 x - 4 tomahawks (quivered)
 N - 17 arrows
Armour
 b - a +0 robe
 B - a +0 troll leather armour (melded)
 E - a +0 helmet (melded)
 G - a +0 pair of gloves (melded)
 M - a +0 robe of magic resistance
   (You found it on level 8 of the Dungeon)
Jewellery
 o - an amulet of rage (around neck)
   (You found it on level 2 of the Dungeon)
 z - a ring of poison resistance (right branch)
   (You found it on level 4 of the Dungeon)
 F - an uncursed ring of resist corrosion
   (You found it on level 7 of the Dungeon)
 K - a -3 ring of intelligence
   (You found it on level 8 of the Dungeon)
 O - an uncursed ring of teleportation
   (You found it on level 8 of the Dungeon)
 Y - a +4 ring of slaying (left branch)
   (You found it on level 7 of the Dungeon)
Wands
 u - a wand of iceblast (12)
 A - a wand of enslavement (24)
 C - a wand of polymorph (9)
 I - a wand of acid (8)
Scrolls
 e - a scroll of magic mapping
 h - 6 scrolls of teleportation
 i - 2 scrolls of enchant armour {unknown}
 k - 2 scrolls of immolation {unknown}
 l - 2 scrolls of fear {unknown}
 n - 2 scrolls of amnesia
 p - 2 scrolls of enchant weapon
 r - 6 scrolls of remove curse
 y - 2 scrolls of blinking {unknown}
 J - a scroll of fog
 L - a scroll of silence
 Q - a scroll of noise {unknown}
Potions
 t - a potion of flight
 D - 2 potions of curing
 H - a potion of ambrosia {unknown}
Books
 d - a book of Changes

   Spells                             Type                      Level
   a - Beastly Appendage              Transmutation                1
   b - Sticks to Snakes               Transmutation                2
   c - Spider Form                    Transmutation/Poison         3
   d - Ice Form                       Ice/Transmutation            4
   e - Blade Hands                    Transmutation                5
Comestibles
 c - 10 rations


   Skills:
 + Level 5.7 Fighting
 + Level 5.1 Short Blades
 + Level 5.1 Long Blades
 + Level 5.1 Axes
 + Level 5.1 Maces & Flails
 + Level 5.1 Polearms
 + Level 5.1 Staves
 + Level 5.1 Slings
 + Level 5.1 Bows
 + Level 5.1 Crossbows
 + Level 5.1 Throwing
 + Level 5.1 Armour
 + Level 6.9 Dodging
 + Level 5.1 Stealth
 + Level 5.1 Shields
 + Level 8.4 Unarmed Combat
 + Level 7.2 Spellcasting
 + Level 4.2 Conjurations
 + Level 4.2 Hexes
 + Level 4.2 Charms
 + Level 4.2 Summonings
 + Level 4.2 Necromancy
 + Level 4.2 Translocations
 + Level 5.7 Transmutations
 + Level 4.2 Fire Magic
 + Level 4.2 Ice Magic
 + Level 4.2 Air Magic
 + Level 4.2 Earth Magic
 + Level 4.2 Poison Magic
 + Level 5.6 Invocations
 + Level 5.1 Evocations


You had 9 spell levels left.
You knew the following spells:

 Your Spells              Type           Power        Failure   Level  Hunger
h - Blade Hands           Tmut           #####.....   16%         5    #####..
i - Ice Form              Ice/Tmut       #####...     8%          4    ###....
k - Sticks to Snakes      Tmut           #####...     1%          2    None
p - Spider Form           Tmut/Pois      #####.....   2%          3    None


Dungeon Overview and Level Annotations

Branches:
Dungeon (10/15)            Temple (1/1) D:4            Lair (0/6) D:10
    Orc: D:9-12

Altars:
Ashenzari
Cheibriados
Dithmenos
Fedhas
Gozag
Kikubaaqudgha
Makhleb
Nemelex Xobeh
Okawaru
Qazlal
Ru
Sif Muna
Trog
Uskayaw
Vehumet
Wu Jian
Xom
Yredelemnul
Zin
The Shining One

Annotations:
D:3 appiemonkey's ghost, amateur GnFi
D:4 Dowan


Innate Abilities, Weirdness & Mutations

Your experience applies equally to all skills.
((You have very sharp teeth.))
Your uncanny sense of smell can sniff out nearby items.
You have a somewhat thin skeletal structure. (Dex +2, Stealth)
You possess an exceptional clarity of mind.
You are weak. (Str -2)


Message History

The yak is heavily wounded.
Your adder bites the yak.
The yak looks even sicker.
Your adder poisons the yak!
The yak gores your adder. The bullfrog skeleton hits you.
The yak barely misses you.
The crimson imp blinks!
Your adder bites the yak but does no damage.
The yak closely misses your adder.
A gnoll and a gnoll sergeant come into view.
You shred the yak!!!
You kill the yak!
Cheibriados appreciates the change of pace.
Your adder bites the yak but does no damage.
The yak gores your adder!
Your adder dies!
The bullfrog skeleton hits you.
Unknown command.
You slash the bullfrog skeleton!
The bullfrog skeleton is heavily damaged.
The yak gores your adder!
Your adder dies!
The bullfrog skeleton barely misses you.
A scorpion comes into view.
You are feeling hungry.
You slash the bullfrog skeleton!
The bullfrog skeleton is severely damaged.
The bullfrog skeleton completely misses you.
Unknown command.
You shred the yak!!!
You kill the yak!
Cheibriados appreciates the change of pace.
You hear a shout!
The bullfrog skeleton closely misses you.
The gnoll hits you but does no damage.
You slice the bullfrog skeleton!!
You destroy the bullfrog skeleton!
Cheibriados appreciates the change of pace.
The gnoll hits you but does no damage. The yak gores you!
Unknown command.
Okay, then.
Casting: Sticks to Snakes
Confirm with . or Enter, or press ? or * to list all spells.
You create a snake!
You now have 18 arrows.
The crimson imp puffs mist at you. The gnoll closely misses you.
The yak misses you.
A gnoll comes into view.
Casting: Sticks to Snakes
Confirm with . or Enter, or press ? or * to list all spells.
You create a snake!
You now have 17 arrows.
The yak gores you!
Your adder bites the gnoll.
The gnoll is poisoned.
Your adder poisons the gnoll!
The yak gores you! The gnoll misses you.
You shred the gnoll!!!
You kill the gnoll!
Cheibriados thoroughly appreciates the change of pace.
The yak gores you!
* * * LOW HITPOINT WARNING * * *
Your adder bites the yak.
The yak is poisoned.
Your adder poisons the yak!
You barely miss the quasit. The quasit completely misses you.
The quasit misses you.
The quasit claws you but does no damage.
The yak barely misses you.
The gnoll sergeant hits you from afar with a spear.
* * * LOW HITPOINT WARNING * * *
The yak misses you.
Your adder bites the yak but does no damage.
Your ball python misses the quasit.
Your ball python grabs the quasit.
Your ball python constricts the quasit.
You slash the quasit!
The quasit is severely wounded.
The quasit completely misses you. The quasit claws you.
* * * LOW HITPOINT WARNING * * *
The quasit claws you but does no damage.
Your adder barely misses the yak.
The yak closely misses you.
The gnoll sergeant hits you from afar with a spear!
* * * LOW HITPOINT WARNING * * *
The yak gores you.
* * * LOW HITPOINT WARNING * * *
Your ball python bites the quasit but does no damage.
Your ball python constricts the quasit.
You slash the quasit!
You kill the quasit!
Cheibriados thoroughly appreciates the change of pace.
The gnoll barely misses you.
Your adder bites the yak.
The yak gores you!
* * * LOW HITPOINT WARNING * * *
The gnoll sergeant hits you from afar with a spear!
* * * LOW HITPOINT WARNING * * *
The gnoll hits your ball python.
It was a potion of lignification.
Your hands revert to their normal proportions.
Your +1 rapier of electrocution unmelds from your body.
Your +0 pair of gloves unmelds from your body.
You hear the crackle of electricity.
You turn into a tree.
Your +0 helmet melds into your body.
Your +0 pair of gloves melds into your body.
Your +0 troll leather armour melds into your body.
Your roots penetrate the ground.
The yak gores you but does no damage. The gnoll hits you but does no damage.
Your adder bites the yak.
The yak gores you but does no damage.
Your ball python bites the gnoll.
Your ball python barely misses the gnoll.
The gnoll sergeant hits you from afar with a spear.
You die...

#########...##########
......................
..................(.....
.........<..............
.....#################..
..... #..
.....#################..
.....gYS................
....ggS♣................
....5gY†.......<).......
g....s############...###
...... #...# .....
###########o..# .....
..............### ....
..............>.. ....
∆.........########
######..#


You could see 2 yaks, a gnoll sergeant, a scorpion, 4 gnolls, a crimson imp, a
friendly adder and a friendly ball python.

Vanquished Creatures
  Psyche (D:8)
  A troll (D:9)
  A hippogriff (D:10)
  A wyvern (D:8)
  3 yaks (D:9)
  Eustachio (D:6)
  2 hungry ghosts (D:8)
  Grum (D:8)
  Edmund (D:6)
  2 phantoms (D:4)
  2 ice beasts
  A sky beast (D:8)
  An orc warrior (D:7)
  A necrophage (D:6)
  2 wolves (D:8)
  3 ogres
  A centaur (D:8)
  A crocodile (D:8)
  4 bullfrogs
  A scorpion (D:8)
  A water moccasin skeleton (D:6)
  4 crimson imps
  3 hounds
  A quasit (D:9)
  3 bullfrog skeletons
  4 orc priests
  2 jellies
  2 iguanas
  An orc wizard (D:6)
  3 worker ants
  A hound skeleton (D:6)
  4 gnolls
  8 adders
  5 worms
  A dart slug (D:4)
  A leopard gecko (D:1)
  15 orcs
  2 ball pythons (D:2)
  3 giant cockroaches
  3 goblins
  4 hobgoblins (D:2)
  8 jackals
  4 kobolds
  A quokka (D:8)
  7 bats
  A frilled lizard (D:2)
  3 rats (D:2)
  A butterfly (D:4)
127 creatures vanquished.

Vanquished Creatures (collateral kills)
  An iguana (D:5)
  A howler monkey skeleton (D:8)
2 creatures vanquished.

Grand Total: 129 creatures vanquished

Notes
Turn   | Place    | Note
-------+----------+-------------------------------------------
     0 | D:1      | tidbits the Gnoll Transmuter began the quest for the Orb.
     0 | D:1      | Reached XP level 1. HP: 17/17 MP: 6/6
    70 | D:2      | Reached XP level 2. HP: 23/23 MP: 7/7
   115 | D:2      | Learned a level 2 spell: Sticks to Snakes
   129 | D:2      | Reached XP level 3. HP: 27/28 MP: 6/9
   134 | D:2      | Learned a level 3 spell: Spider Form
   148 | D:3      | Reached skill level 5 in Spellcasting
   155 | D:3      | Noticed appiemonkey's ghost (amateur GnFi)
   157 | D:3      | Reached skill level 1 in Invocations
   161 | D:3      | Reached skill level 1 in Short Blades
   161 | D:3      | Reached skill level 1 in Long Blades
   161 | D:3      | Reached skill level 1 in Axes
   161 | D:3      | Reached skill level 1 in Maces & Flails
   161 | D:3      | Reached skill level 1 in Polearms
   161 | D:3      | Reached skill level 1 in Staves
   161 | D:3      | Reached skill level 1 in Slings
   161 | D:3      | Reached skill level 1 in Bows
   161 | D:3      | Reached skill level 1 in Crossbows
   161 | D:3      | Reached skill level 1 in Throwing
   161 | D:3      | Reached skill level 1 in Armour
   161 | D:3      | Reached skill level 1 in Stealth
   161 | D:3      | Reached skill level 1 in Shields
   161 | D:3      | Reached skill level 1 in Evocations
   170 | D:2      | Reached XP level 4. HP: 23/34 MP: 6/11
   337 | D:2      | Reached skill level 1 in Conjurations
   337 | D:2      | Reached skill level 1 in Hexes
   337 | D:2      | Reached skill level 1 in Charms
   337 | D:2      | Reached skill level 1 in Summonings
   337 | D:2      | Reached skill level 1 in Necromancy
   337 | D:2      | Reached skill level 1 in Translocations
   337 | D:2      | Reached skill level 1 in Fire Magic
   337 | D:2      | Reached skill level 1 in Ice Magic
   337 | D:2      | Reached skill level 1 in Air Magic
   337 | D:2      | Reached skill level 1 in Earth Magic
   337 | D:2      | Reached skill level 1 in Poison Magic
   719 | D:4      | Noticed a phantom
   730 | D:3      | Reached XP level 5. HP: 35/40 MP: 9/12
   743 | D:3      | Reached skill level 3 in Fighting
   761 | D:3      | Reached skill level 4 in Transmutations
   765 | D:3      | Found an iron altar of Okawaru.
   862 | D:5      | Entered Level 5 of the Dungeon
   892 | D:4      | Found a staircase to the Ecumenical Temple.
   902 | Temple   | Entered the Ecumenical Temple
   941 | Temple   | Became a worshipper of Cheibriados the Contemplative
  1020 | D:4      | Noticed an ogre
  1025 | D:4      | Reached XP level 6. HP: 47/47 MP: 8/13
  1030 | D:4      | Reached skill level 2 in Invocations
  1058 | D:4      | Noticed a phantom
  1076 | D:4      | Killed a phantom
  1076 | D:4      | Reached skill level 2 in Short Blades
  1076 | D:4      | Reached skill level 2 in Long Blades
  1076 | D:4      | Reached skill level 2 in Axes
  1076 | D:4      | Reached skill level 2 in Maces & Flails
  1076 | D:4      | Reached skill level 2 in Polearms
  1076 | D:4      | Reached skill level 2 in Staves
  1076 | D:4      | Reached skill level 2 in Slings
  1076 | D:4      | Reached skill level 2 in Bows
  1076 | D:4      | Reached skill level 2 in Crossbows
  1076 | D:4      | Reached skill level 2 in Throwing
  1076 | D:4      | Reached skill level 2 in Armour
  1076 | D:4      | Reached skill level 5 in Dodging
  1076 | D:4      | Reached skill level 2 in Stealth
  1076 | D:4      | Reached skill level 2 in Shields
  1076 | D:4      | Reached skill level 2 in Evocations
  1154 | D:4      | Noticed Dowan
  1171 | D:4      | Killed a phantom
  1171 | D:4      | Reached XP level 7. HP: 12/52 MP: 8/15
  1233 | D:5      | Reached skill level 7 in Unarmed Combat
  1312 | D:6      | Gained mutation: You possess an exceptional clarity of mind. [potion of mutation]
  1312 | D:6      | Gained mutation: You are weak. (Str -2) [potion of mutation]
  1312 | D:6      | Gained mutation: You have a somewhat thin skeletal structure. (Dex +2, Stealth) [potion of mutation]
  1326 | D:6      | Reached * piety under Cheibriados
  1337 | D:6      | Learned a level 4 spell: Ice Form
  1348 | D:6      | Reached skill level 2 in Conjurations
  1348 | D:6      | Reached skill level 2 in Hexes
  1348 | D:6      | Reached skill level 2 in Charms
  1348 | D:6      | Reached skill level 2 in Summonings
  1348 | D:6      | Reached skill level 2 in Necromancy
  1348 | D:6      | Reached skill level 2 in Translocations
  1348 | D:6      | Reached skill level 2 in Fire Magic
  1348 | D:6      | Reached skill level 2 in Ice Magic
  1348 | D:6      | Reached skill level 2 in Air Magic
  1348 | D:6      | Reached skill level 2 in Earth Magic
  1348 | D:6      | Reached skill level 2 in Poison Magic
  1382 | D:6      | Noticed Eustachio
  1413 | D:6      | Killed Eustachio
  1413 | D:6      | Reached skill level 3 in Invocations
  1475 | D:6      | Found an ancient bone altar of Kikubaaqudgha.
  1482 | D:6      | Reached XP level 8. HP: 32/60 MP: 12/16
  1489 | D:6      | Noticed Edmund
  1556 | D:6      | Reached skill level 4 in Fighting
  1556 | D:6      | Reached skill level 3 in Short Blades
  1556 | D:6      | Reached skill level 3 in Long Blades
  1556 | D:6      | Reached skill level 3 in Axes
  1556 | D:6      | Reached skill level 3 in Maces & Flails
  1556 | D:6      | Reached skill level 3 in Polearms
  1556 | D:6      | Reached skill level 3 in Staves
  1556 | D:6      | Reached skill level 3 in Slings
  1556 | D:6      | Reached skill level 3 in Bows
  1556 | D:6      | Reached skill level 3 in Crossbows
  1556 | D:6      | Reached skill level 3 in Throwing
  1556 | D:6      | Reached skill level 3 in Armour
  1556 | D:6      | Reached skill level 3 in Stealth
  1556 | D:6      | Reached skill level 3 in Shields
  1556 | D:6      | Reached skill level 3 in Evocations
  1579 | D:6      | Killed Edmund
  1648 | D:6      | Reached skill level 6 in Spellcasting
  1719 | D:7      | Reached ** piety under Cheibriados
  1827 | D:7      | Reached skill level 3 in Conjurations
  1827 | D:7      | Reached skill level 3 in Hexes
  1827 | D:7      | Reached skill level 3 in Charms
  1827 | D:7      | Reached skill level 3 in Summonings
  1827 | D:7      | Reached skill level 3 in Necromancy
  1827 | D:7      | Reached skill level 3 in Translocations
  1827 | D:7      | Reached skill level 3 in Fire Magic
  1827 | D:7      | Reached skill level 3 in Ice Magic
  1827 | D:7      | Reached skill level 3 in Air Magic
  1827 | D:7      | Reached skill level 3 in Earth Magic
  1827 | D:7      | Reached skill level 3 in Poison Magic
  1827 | D:7      | Reached skill level 4 in Invocations
  2031 | D:8      | Reached XP level 9. HP: 66/66 MP: 13/18
  2043 | D:8      | Reached skill level 6 in Dodging
  2060 | D:8      | Reached skill level 5 in Transmutations
  2111 | D:8      | Noticed Psyche
  2116 | D:8      | Killed Psyche
  2116 | D:8      | Reached skill level 4 in Short Blades
  2116 | D:8      | Reached skill level 4 in Long Blades
  2116 | D:8      | Reached skill level 4 in Axes
  2116 | D:8      | Reached skill level 4 in Maces & Flails
  2116 | D:8      | Reached skill level 4 in Polearms
  2116 | D:8      | Reached skill level 4 in Staves
  2116 | D:8      | Reached skill level 4 in Slings
  2116 | D:8      | Reached skill level 4 in Bows
  2116 | D:8      | Reached skill level 4 in Crossbows
  2116 | D:8      | Reached skill level 4 in Throwing
  2116 | D:8      | Reached skill level 4 in Armour
  2116 | D:8      | Reached skill level 4 in Stealth
  2116 | D:8      | Reached skill level 4 in Shields
  2116 | D:8      | Reached skill level 4 in Evocations
  2132 | D:8      | Reached skill level 5 in Fighting
  2169 | D:8      | Noticed Grum
  2178 | D:8      | Killed Grum
  2178 | D:8      | Reached skill level 8 in Unarmed Combat
  2197 | D:8      | Reached skill level 5 in Invocations
  2345 | D:9      | Noticed a troll
  2350 | D:9      | Killed a troll
  2350 | D:9      | Reached skill level 7 in Spellcasting
  2350 | D:9      | Reached XP level 10. HP: 74/74 MP: 13/20
  2378 | D:9      | Reached skill level 4 in Conjurations
  2378 | D:9      | Reached skill level 4 in Hexes
  2378 | D:9      | Reached skill level 4 in Charms
  2378 | D:9      | Reached skill level 4 in Summonings
  2378 | D:9      | Reached skill level 4 in Necromancy
  2378 | D:9      | Reached skill level 4 in Translocations
  2378 | D:9      | Reached skill level 4 in Fire Magic
  2378 | D:9      | Reached skill level 4 in Ice Magic
  2378 | D:9      | Reached skill level 4 in Air Magic
  2378 | D:9      | Reached skill level 4 in Earth Magic
  2378 | D:9      | Reached skill level 4 in Poison Magic
  2392 | D:9      | Reached *** piety under Cheibriados
  2418 | D:10     | Entered Level 10 of the Dungeon
  2448 | D:10     | Found a staircase to the Lair.
  2554 | D:9      | Learned a level 5 spell: Blade Hands
  2559 | D:9      | Reached skill level 5 in Short Blades
  2559 | D:9      | Reached skill level 5 in Long Blades
  2559 | D:9      | Reached skill level 5 in Axes
  2559 | D:9      | Reached skill level 5 in Maces & Flails
  2559 | D:9      | Reached skill level 5 in Polearms
  2559 | D:9      | Reached skill level 5 in Staves
  2559 | D:9      | Reached skill level 5 in Slings
  2559 | D:9      | Reached skill level 5 in Bows
  2559 | D:9      | Reached skill level 5 in Crossbows
  2559 | D:9      | Reached skill level 5 in Throwing
  2559 | D:9      | Reached skill level 5 in Armour
  2559 | D:9      | Reached skill level 5 in Stealth
  2559 | D:9      | Reached skill level 5 in Shields
  2559 | D:9      | Reached skill level 5 in Evocations
  2577 | D:9      | HP: 2/76 [gnoll sergeant/spear (7)]
  2578 | D:9      | Slain by a gnoll sergeant

Skill      XL: |  1  2  3  4  5  6  7  8  9 10 |
---------------+-------------------------------+-----
Spellcasting   | 5 6 7 |  7.2
Invocations    | 1 2 3 4 5 |  5.6
Short Blades   | 1 2 3 4 5 |  5.1
Long Blades    | 1 2 3 4 5 |  5.1
Axes           | 1 2 3 4 5 |  5.1
Maces & Flails | 1 2 3 4 5 |  5.1
Polearms       | 1 2 3 4 5 |  5.1
Staves         | 1 2 3 4 5 |  5.1
Slings         | 1 2 3 4 5 |  5.1
Bows           | 1 2 3 4 5 |  5.1
Crossbows      | 1 2 3 4 5 |  5.1
Throwing       | 1 2 3 4 5 |  5.1
Armour         | 1 2 3 4 5 |  5.1
Stealth        | 1 2 3 4 5 |  5.1
Shields        | 1 2 3 4 5 |  5.1
Evocations     | 1 2 3 4 5 |  5.1
Conjurations   | 1 2 3 4 |  4.2
Hexes          | 1 2 3 4 |  4.2
Charms         | 1 2 3 4 |  4.2
Summonings     | 1 2 3 4 |  4.2
Necromancy     | 1 2 3 4 |  4.2
Translocations | 1 2 3 4 |  4.2
Fire Magic     | 1 2 3 4 |  4.2
Ice Magic      | 1 2 3 4 |  4.2
Air Magic      | 1 2 3 4 |  4.2
Earth Magic    | 1 2 3 4 |  4.2
Poison Magic   | 1 2 3 4 |  4.2
Fighting       | 3 4 5 |  5.7
Transmutations | 4 5 |  5.7
Dodging        | 5 6 |  6.9
Unarmed Combat | 7 8 |  8.4

Action                   |  1- 3 |  4- 6 |  7- 9 | 10-12 || total
-------------------------+-------+-------+-------+-------++-------
Melee: Unarmed           |    34 |   116 |   139 |    20 ||   309
       Kick              |     9 |       |       |       ||     9
       Bite              |     1 |     1 |     1 |     2 ||     5
       Headbutt          |       |     2 |       |       ||     2
       Dagger            |       |     4 |     3 |       ||     7
       Rapier            |       |       |    17 |     4 ||    21
       Punch             |       |       |       |     1 ||     1
Throw: Javelin           |     4 |     1 |       |       ||     5
       Tomahawk          |       |     1 |     2 |     1 ||     4
 Cast: Beastly Appendage |     5 |     3 |       |       ||     8
       Sticks to Snakes  |     1 |     9 |     3 |     4 ||    17
       Spider Form       |     2 |    16 |     5 |       ||    23
       Ice Form          |       |       |    14 |     3 ||    17
       Blade Hands       |       |       |       |     1 ||     1
 Abil: End Transformatio |     1 |     1 |     6 |     3 ||    11
  Use: Potion            |       |     3 |     4 |     1 ||     8
       Scroll            |       |       |     8 |     1 ||     9
 Stab: Sleeping          |     1 |     5 |     7 |     1 ||    14
       Distracted        |       |     1 |     1 |       ||     2
  Eat: Chunk             |       |     2 |     4 |     1 ||     7
       Ration            |       |       |     1 |       ||     1
Armor: Robe              |     4 |     2 |     2 |       ||     8
       Skin              |       |     2 |    19 |     5 ||    26
       Troll leather arm |       |       |       |     3 ||     3
Dodge: Dodged            |    17 |    91 |   100 |    26 ||   234

Table legend:
 A = Turns spent in this place as a percentage of turns spent in the entire game.
 B = Non-inter-level travel turns spent in this place as a percentage of non-inter-level travel turns spent in the entire game.
 C = Inter-level travel turns spent in this place as a percentage of turns spent in this place.
 D = Turns resting spent in this place as a percentage of non-inter-level travel turns spent in this place.
 E = Turns spent auto-exploring this place as a percentage of non-inter-level travel turns spent in this place.
 F = Non-inter-level travel turns spent in this place divided by the number of levels of this place that you've seen.
                   A       B       C       D       E      F
               +-------+-------+-------+-------+-------+----------------------
         Total | 100.0 | 100.0 |   2.3 |   0.0 |   0.0 | 228.9
       Dungeon |  97.9 |  98.4 |   1.9 |   0.0 |   0.0 | 247.7
        Temple |   2.1 |   1.6 |  22.6 |   0.0 |   0.0 |  41.0
               +-------+-------+-------+-------+-------+----------------------

Table legend:
 A = Kills in this place as a percentage of kills in entire the game.
 B = Kills by you in this place as a percentage of kills by you in the entire game.
 C = Kills by friends in this place as a percentage of kills by friends in the entire game.
 D = Other kills in this place as a percentage of other kills in the entire game.
 E = Experience gained in this place as a percentage of experience gained in the entire game.
 F = Experience gained in this place divided by the number of levels of this place that you have seen.
                   A       B       C       D       E      F
               +-------+-------+-------+-------+-------+----------------------
         Total | 100.0 | 100.0 | 100.0 |   N/A | 100.0 | 560.0
       Dungeon | 100.0 | 100.0 | 100.0 |   N/A | 100.0 | 616.0
               +-------+-------+-------+-------+-------+----------------------

Vault maps used:
D:1:      matt_arrival_spirals
D:3:      okawaru_trees_2
D:4:      kennysheep_mini, minmay_temple_entry_butterflies,
          gup_sewer_entry_spiral, first_ration, corexii_checkpoint_a,
          uniq_duvessa
D:6:      basic_altar, uniq_eustachio, uniq_edmund
D:7:      enter_ossuary_2
D:8:      uniq_grum, uniq_psyche
D:9:      orc_0_dummy
D:10:     erik_lair_orcish_takeover, serial_shops, shop
Temple:   compressed_dpeg_triangle_lava_temple
